 Dungeon Crawl Stone Soup version 0.18-a0-1639-g7533f42 (webtiles) character file.

255 4thArraOfDagon the Chopper (level 6, -12/49 HPs)
             Began as a Human Berserker on Mar 27, 2016.
             Was a Follower of Trog.
             Mangled by an ogre
             ... wielding a +0 giant club
              (16 damage)
             ... on level 5 of the Dungeon.
             The game lasted 00:03:51 (653 turns).

4thArraOfDagon the Chopper (Human Berserker)         Turns: 653, Time: 00:03:52

Health: -12/49     AC:  5    Str: 20    XL:     6   Next: 38%
Magic:  6/6        EV: 17    Int:  7    God:    Trog [*.....]
Gold:   47         SH:  0    Dex: 17    Spells: 0 memorised, 5 levels left

rFire  . . .     SeeInvis .     a - +1 hand axe
rCold  . . .     Gourm    .     l - +0 ring mail
rNeg   . . .     Faith    .     (no shield)
rPois  .         Spirit   .     (no helmet)
rElec  .         Dismiss  .     (no cloak)
rCorr  .         Reflect  .     (no gloves)
SustAt .         Harm     .     (no boots)
MR     .....                    (no amulet)
Stlth  ++........               (no ring)
                                (no ring)

@: agile, exhausted, slowed, very slow, not resistant to hostile enchantments,
unstealthy
A: no striking features
a: Berserk, Burn Spellbooks, Renounce Religion


You were on level 5 of the Dungeon.
You worshipped Trog.
Trog was aware of your devotion.
You were near starving.

You visited 1 branch of the dungeon, and saw 5 of its levels.

You collected 47 gold pieces.

Inventory:

Hand Weapons
 a - a +1 hand axe (weapon)
Armour
 l - a +0 ring mail (worn)
Jewellery
 b - an uncursed ring of ice
 h - an uncursed ring of teleportation
Scrolls
 e - 2 scrolls of identify
Potions
 m - a potion of flight
Comestibles
 c - a bread ration
 i - 7 chunks of flesh


   Skills:
 + Level 4.4 Fighting
 * Level 5.0 Axes
 + Level 3.5 Armour
 - Level 2.0 Dodging


You had 5 spell levels left.
You didn't know any spells.

Dungeon Overview and Level Annotations

Branches:
Dungeon (5/15)
 Temple: D:4-7

Altars:
Gozag
Qazlal
Ru

Shops:
D:5 }

Annotations:
D:5 Eustachio


Message History

The howler monkey skeleton barely misses you.
The howler monkey skeleton bites you but does no damage.
The ogre misses you.
The howler monkey skeleton barely misses you.
The howler monkey skeleton bites you but does no damage.
Unknown command.
Unknown command.
You hit the ogre.
The ogre is heavily wounded.
You slash the howler monkey skeleton! The ogre misses you.
The howler monkey skeleton barely misses you.
The howler monkey skeleton completely misses you.
The crimson imp laughs crazily.
Unknown command.
Unknown command.
Unknown command.
You hit the ogre.
The ogre is severely wounded.
You hit the howler monkey skeleton. The ogre hits you with a giant club!
You die...

** #.#.....#..,,* #######..
******#.#.≈≈≈.#..,,***********###
,,,,,,..#≈...≈#..,,,,,,,,,,,,,,,,
*****##.#≈._.≈#?##***************
*######.#≈...≈#..,,,,,,,,* *,,,,
*.......#.≈≈≈.#.##******,* *,***
*.......#.....#5@# *,* *,,,,
*......@.#...#.#Z# *,* *****
*......##.#.#5##@# *,* ******
*.....,*##.#@.##O# *,***,,,,*
*....,,* ##.#.##Z# *,,,,,,,,,
*...,,,* #5#.##.# ****,,,,,,
*:.,,,,* #...##.# *,,,,,,
*#*+******##..##.# *,,,,,,
*,,,,,,,,,.>##.# *,,,,,,
*********#####.# ******* *,* ***


You could see Eustachio (inner flame), an ogre (inner flame), a crimson imp, a
jackal zombie (inner flame) and a howler monkey skeleton.

Vanquished Creatures
  Menkaure (D:5)
  A jelly (D:5)
  A hound (D:4)
  A centaur skeleton (D:5)
  2 adders (D:3)
  An adder skeleton (D:5)
  A worm (D:2)
  A dart slug (D:2)
  A giant gecko (D:2)
  3 orcs (D:5)
  A giant cockroach (D:1)
  A goblin (D:3)
  A hobgoblin (D:3)
  4 jackals (D:2)
  2 quokkas (D:5)
  A giant newt (D:3)
  A jackal skeleton (D:5)
  2 rats
26 creatures vanquished.

Notes
Turn   | Place    | Note
--------------------------------------------------------------
     0 | D:1      | 4thArraOfDagon the Human Berserker began the quest for the Orb.
     0 | D:1      | Reached XP level 1. HP: 18/18 MP: 1/1
   121 | D:2      | Reached XP level 2. HP: 17/24 MP: 2/2
   193 | D:3      | Found an opulent altar of Gozag.
   193 | D:3      | Noticed a water elemental
   195 | D:3      | Found a stormy altar of Qazlal.
   203 | D:3      | Reached XP level 3. HP: 16/29 MP: 3/3
   213 | D:3      | Noticed an earth elemental
   253 | D:3      | Noticed a fire elemental
   256 | D:3      | Noticed an air elemental
   351 | D:4      | Reached XP level 4. HP: 22/37 MP: 4/4
   390 | D:5      | Entered Level 5 of the Dungeon
   414 | D:5      | Found Ziczukh's Gadget Shoppe.
   498 | D:5      | Noticed Menkaure
   507 | D:5      | Killed Menkaure
   507 | D:5      | Reached ** piety under Trog
   507 | D:5      | Reached skill level 4 in Axes
   507 | D:5      | Reached XP level 5. HP: 42/42 MP: 5/5
   536 | D:5      | Reached XP level 6. HP: 25/48 MP: 6/6
   613 | D:5      | Found a sacrificial altar of Ru.
   626 | D:5      | Reached skill level 5 in Axes
   632 | D:5      | Noticed Eustachio
   641 | D:5      | Noticed an ogre
   653 | D:5      | Mangled by an ogre

Vault maps used:
D:1:      dpeg_arrival_three_bigger_balls
D:2:      mumra_celtic_spiral_tile, minmay_item_behind_shaft
D:3:      lemuel_round_altar, nicolae_qazlal_style_of_elements
D:4:      minmay_misc_feat_doors
D:5:      first_bread, serial_shops, shop, enter_ossuary_3,
          nicolae_ru_awakened_eye, uniq_eustachio, uniq_menkaure, uniq_sigmund

Skill      XL: |  1  2  3  4  5  6 |
---------------+-------------------+-----
Fighting       | 4 |  4.4
Axes           | 4 5 |  5.0
Armour         | 3 |  3.5
Dodging        | |  2.0

Action                   |  1- 3 |  4- 6 || total
-------------------------+-------+-------++-------
Melee: Hand axe          |    48 |    37 ||    85
Invok: Berserk           |     4 |     2 ||     6
       Trog's Hand       |       |     1 ||     1
  Use: Potion            |     1 |     1 ||     2
       Scroll            |       |     6 ||     6
  Eat: Chunk             |     1 |     3 ||     4
